Rafales vs Saguenéens
Created - January 20, 2020 at 19:18
Goals
|
| Rafales |
1 |
0 |
0 |
1 |
| Saguenéens |
1 |
3 |
3 |
7 |
|
Shots
|
| Rafales |
7 |
7 |
7 |
21 |
| Saguenéens |
12 |
11 |
9 |
32 |
|
1st period
1. Saguenéens , Teemu Pulkkinen 10 (Mike Amadio 5) at 11:56
2. Rafales , Tim Crowder 17 (Connor Murphy 24) at 17:29
Penalties :
Garnet Hathaway (Chi) for Interference (Minor) at 6:24, Henrik Samuelsson (Chi) for Interference (Minor) at 13:40
2nd period
3. Saguenéens , Aleksander Barkov 20 (Kevin Marshall 16) at 2:12
4. Saguenéens , Aleksander Barkov 21 (Nick Mattson 14) at 4:32
5. Saguenéens , Aleksander Barkov 22 (Jake McCabe 13, Kevin Marshall 17) at 5:19
Penalties :
Andrew Shaw (Stf) for Goalie Interference (Minor) at 9:25, Seth Helgeson (Chi) for Hooking (Minor) at 18:02
3rd period
6. Saguenéens , Teemu Pulkkinen 11 (Nick Mattson 15, Mason Raymond 24) at 1:41
7. Saguenéens , Seth Helgeson 2 (Rhett Rakhshani 7) at 7:49
8. Saguenéens , Carl Hagelin 12 (Mark Stone 17, Aleksander Barkov 19) at 12:18 (PP)
Penalties :
Carl Klingberg (Stf) for Holding Stick (Minor) at 3:14, Connor Murphy (Stf) for Hooking (Minor) at 11:42
Goalie Stats
Leland Irving (Stf), 10 saves from 13 shots - (0.769), 34:41 minutes
Jake Allen (Stf), 15 saves from 19 shots - (0.789), L, 12-7-2, 25:19 minutes
Tyler Beskorowany (Chi), 20 saves from 21 shots - (0.952), W, 2-3-0, 60:00 minutes
Players Stats for Rafales
Player Name G A P +/- PIM S H SB GA TA FO MP PP MP PK MP
------------------------------------------------------------------------------------
Akim Aliu 0 0 0 0 0 0 0 0 0 0 2/4 2:11 0:00 2:11
Andrew Shaw 0 0 0 -2 2 4 1 0 0 0 2/3 20:51 3:20 1:57
Ben Johnson 0 0 0 0 0 0 0 0 0 0 0/0 0:00 0:00 0:00
Ben Sexton 0 0 0 0 0 0 0 0 0 0 0/0 3:11 0:00 1:12
Ben Thomson 0 0 0 -1 0 2 1 1 0 0 0/0 8:40 0:00 0:28
Borna Rendulic 0 0 0 -1 0 0 2 0 0 0 0/0 8:11 0:00 0:00
Brad Ross 0 0 0 0 0 0 0 0 0 0 0/0 1:27 0:00 1:26
Brian Ferlin 0 0 0 -1 0 1 3 0 0 0 0/0 16:55 2:37 0:00
Bruno Gervais 0 0 0 -5 0 0 2 2 2 1 0/0 31:14 3:24 3:27
Carl Klingberg 0 0 0 -2 2 3 2 0 0 0 5/6 20:35 3:10 1:51
Chris Terry 0 0 0 -1 0 3 1 1 0 0 0/2 16:55 2:37 0:00
Connor Murphy 0 1 1 -3 2 1 5 3 2 1 0/0 26:38 3:24 2:51
David Broll 0 0 0 0 0 0 0 0 0 0 0/0 0:00 0:00 0:00
James Marcou 0 0 0 0 0 0 0 0 0 0 0/0 0:10 0:10 0:00
Jayson Megna 0 0 0 -1 0 0 0 0 0 0 0/4 11:24 0:00 0:00
Joe Labate 0 0 0 -1 0 2 2 0 0 0 0/2 8:11 0:00 0:00
Joey Laleggia 0 0 0 0 0 0 0 2 0 1 0/0 21:45 2:33 1:43
Julian Melchiori 0 0 0 0 0 0 3 1 1 0 0/0 25:32 2:33 1:07
Kevin Veilleux 0 0 0 -1 0 0 2 0 0 0 5/11 16:55 2:37 0:00
Maksim Mayorov 0 0 0 -1 0 0 2 0 0 0 0/0 11:24 0:00 0:00
Nathan Davis 0 0 0 -2 0 1 2 1 2 0 10/20 18:44 3:10 0:00
Ryan Bourque 0 0 0 0 0 0 0 0 0 0 0/0 0:13 0:10 0:03
Slater Koekkoek 0 0 0 -2 0 1 0 0 0 0 0/0 12:53 0:00 0:00
Tim Crowder 1 0 1 -1 0 3 0 0 0 0 1/1 11:24 0:00 0:00
Tyrell Goulbourne 0 0 0 0 0 0 0 0 0 0 0/0 0:00 0:00 0:00
Players Stats for Saguenéens
Player Name G A P +/- PIM S H SB GA TA FO MP PP MP PK MP
------------------------------------------------------------------------------------
Adam Erne 0 0 0 2 0 0 1 0 0 0 1/1 9:00 0:00 0:00
Aleksander Barkov 3 1 4 2 0 4 0 0 0 0 3/6 15:17 1:37 0:00
Alexander Wennberg 0 0 0 0 0 3 4 0 0 1 19/36 19:58 2:57 1:39
Carl Hagelin 1 0 1 2 0 2 4 0 0 0 0/0 15:17 1:37 0:00
Craig Cunningham 0 0 0 1 0 0 5 0 0 0 1/2 12:25 0:00 1:17
Garnet Hathaway 0 0 0 0 2 6 2 0 0 0 1/3 20:47 2:57 2:03
Henrik Samuelsson 0 0 0 1 2 1 1 0 0 0 0/1 11:44 0:00 0:44
Jake McCabe 0 1 1 1 0 1 2 0 0 0 0/0 26:33 3:24 2:19
Kevin Marshall 0 2 2 1 0 1 1 1 0 0 0/0 27:57 3:24 3:02
Mark Stone 0 1 1 2 0 2 2 0 0 0 0/0 16:56 1:37 1:39
Mason Raymond 0 1 1 0 0 3 2 1 2 2 0/1 21:39 2:57 3:01
Mike Amadio 0 1 1 2 0 1 1 0 1 0 1/1 9:00 0:00 0:00
Nick Mattson 0 2 2 2 0 1 1 0 0 1 0/0 20:39 1:10 2:23
Patrick Sieloff 0 0 0 2 0 0 2 1 0 1 0/0 13:42 0:00 1:49
Rhett Rakhshani 0 1 1 1 0 2 1 0 0 0 1/1 12:39 0:00 1:31
Robert Hagg 0 0 0 2 0 0 0 0 0 1 0/0 10:52 0:00 0:00
Seth Helgeson 1 0 1 2 2 1 1 0 0 1 0/0 20:35 1:10 2:21
Teemu Pulkkinen 2 0 2 2 0 4 0 0 0 0 1/1 9:00 0:00 0:00
3 Stars
1 - Aleksander Barkov (Chi)
2 - Teemu Pulkkinen (Chi)
3 - Carl Hagelin (Chi)
Power Play
Rafales - 0 on 3 Attempt(s) - 0.00%
Saguenéens - 1 on 3 Attempt(s) - 33.33%
Penalty Kill
Rafales - 2 on 3 Attempt(s) - 66.67%
- Score 0 goal in Penalty Kill
Saguenéens - 3 on 3 Attempt(s) - 100.00%
- Score 0 goal in Penalty Kill
Team Stat
Rafales - Hits : 28 - Faceoff Wins : 25 - Blocked Shots : 11 - Penalty Minutes : 6
Saguenéens - Hits : 30 - Faceoff Wins : 28 - Blocked Shots : 3 - Penalty Minutes : 6
Official
Referees : Unknown
Linesman : Unknown
Game Notes
Aleksander Barkov has scored a Hat Trick!
Leland Irving enters game at 5:19 of 2nd period
Finance
Level 1 -- Attendance: 1438 (71.90%) -- Ticket Income $57,520
Level 2 -- Attendance: 656 (65.60%) -- Ticket Income $13,120
Total Attendance: 2094 (69.80%)
Total Ticket Income: $70,640
Other Income: $3,532
Total Income: $74,172
Rafales
5 vs 5 Forward
Center Left Wing Right Wing Time % Phy DF OF
1 Nathan Davis Carl Klingberg Andrew Shaw 40 1 2 2
2 Kevin Veilleux Chris Terry Brian Ferlin 30 1 2 2
3 Jayson Megna Maksim Mayorov Tim Crowder 20 1 2 2
4 Joe Labate Ben Thomson Borna Rendulic 10 1 2 2
5 vs 5 Defense
Defense Defense Time % Phy DF OF
1 Bruno Gervais Connor Murphy 40 1 2 2
2 Julian Melchiori Joey Laleggia 30 1 2 2
3 Slater Koekkoek Bruno Gervais 20 1 2 2
4 Connor Murphy Julian Melchiori 10 1 2 2
PowerPlay Forward
Center Left Wing Right Wing Time % Phy DF OF
1 Nathan Davis Carl Klingberg Andrew Shaw 60 1 2 2
2 Kevin Veilleux Chris Terry Brian Ferlin 40 1 2 2
PowerPlay Defense
Defense Defense Time % Phy DF OF
1 Bruno Gervais Connor Murphy 60 1 2 2
2 Julian Melchiori Joey Laleggia 40 1 2 2
Penalty Kill 4 Players Forward
Center Wing Time % Phy DF OF
1 Carl Klingberg Andrew Shaw 60 1 2 2
2 Nathan Davis Brian Ferlin 40 1 2 2
Penalty Kill 4 Players Defense
Defense Defense Time % Phy DF OF
1 Bruno Gervais Connor Murphy 60 1 2 2
2 Julian Melchiori Joey Laleggia 40 1 2 2
Penalty Kill - 3 Players Forward
Forward Time % Phy DF OF
1 Carl Klingberg 60 1 2 2
2 Andrew Shaw 40 1 2 2
Penalty Kill - 3 Players Defense
Defense Defense Time % Phy DF OF
1 Bruno Gervais Connor Murphy 60 1 2 2
2 Julian Melchiori Joey Laleggia 40 1 2 2
4 vs 4 Forward
Center Wing Time % Phy DF OF
1 Carl Klingberg Andrew Shaw 60 1 2 2
2 Nathan Davis Brian Ferlin 40 1 2 2
4 vs 4 Defense
Defense Defense Time % Phy DF OF
1 Bruno Gervais Connor Murphy 60 1 2 2
2 Julian Melchiori Joey Laleggia 40 1 2 2
Last Minutes Offensive
Center Left Wing Right Wing Defense Defense
Nathan Davis Carl Klingberg Andrew Shaw Bruno Gervais Connor Murphy
Last Minutes Defensive
Center Left Wing Right Wing Defense Defense
Nathan Davis Carl Klingberg Andrew Shaw Bruno Gervais Connor Murphy
Goaltenders
Starting : Jake Allen
Backup : Leland Irving
Extra Forwards
Normal : James Marcou, Ryan Bourque, Akim Aliu - PP : James Marcou, Ryan Bourque - PK : Akim Aliu
Extra Defensemen
Normal : Slater Koekkoek, Joey Laleggia, Bruno Gervais - PP : Slater Koekkoek - PK : Joey Laleggia, Bruno Gervais
Penalty Shots
Carl Klingberg, Andrew Shaw, Nathan Davis, Brian Ferlin, Tim Crowder
Scratches
Dylan McIlrath (Healthy), Chris Driedger (Healthy), Sean Maguire (Healthy)
Saguenéens
5 vs 5 Forward
Center Left Wing Right Wing Time % Phy DF OF
1 Alexander Wennberg Mason Raymond Garnet Hathaway 40 1 2 2
2 Aleksander Barkov Carl Hagelin Mark Stone 30 1 2 2
3 Henrik Samuelsson Craig Cunningham Rhett Rakhshani 20 1 2 2
4 Mike Amadio Teemu Pulkkinen Adam Erne 10 1 2 2
5 vs 5 Defense
Defense Defense Time % Phy DF OF
1 Kevin Marshall Jake McCabe 40 1 2 2
2 Seth Helgeson Nick Mattson 30 1 2 2
3 Robert Hagg Patrick Sieloff 20 1 2 2
4 Kevin Marshall Jake McCabe 10 1 2 2
PowerPlay Forward
Center Left Wing Right Wing Time % Phy DF OF
1 Alexander Wennberg Mason Raymond Garnet Hathaway 60 1 2 2
2 Aleksander Barkov Carl Hagelin Mark Stone 40 1 2 2
PowerPlay Defense
Defense Defense Time % Phy DF OF
1 Kevin Marshall Jake McCabe 60 1 2 2
2 Seth Helgeson Nick Mattson 40 1 2 2
Penalty Kill 4 Players Forward
Center Wing Time % Phy DF OF
1 Garnet Hathaway Mason Raymond 60 1 2 2
2 Mark Stone Alexander Wennberg 40 1 2 2
Penalty Kill 4 Players Defense
Defense Defense Time % Phy DF OF
1 Kevin Marshall Seth Helgeson 60 1 2 2
2 Jake McCabe Nick Mattson 40 1 2 2
Penalty Kill - 3 Players Forward
Forward Time % Phy DF OF
1 Garnet Hathaway 60 1 2 2
2 Mason Raymond 40 1 2 2
Penalty Kill - 3 Players Defense
Defense Defense Time % Phy DF OF
1 Kevin Marshall Seth Helgeson 60 1 2 2
2 Jake McCabe Nick Mattson 40 1 2 2
4 vs 4 Forward
Center Wing Time % Phy DF OF
1 Garnet Hathaway Mason Raymond 60 1 2 2
2 Mark Stone Alexander Wennberg 40 1 2 2
4 vs 4 Defense
Defense Defense Time % Phy DF OF
1 Kevin Marshall Seth Helgeson 60 1 2 2
2 Jake McCabe Nick Mattson 40 1 2 2
Last Minutes Offensive
Center Left Wing Right Wing Defense Defense
Alexander Wennberg Mason Raymond Garnet Hathaway Kevin Marshall Seth Helgeson
Last Minutes Defensive
Center Left Wing Right Wing Defense Defense
Alexander Wennberg Mason Raymond Garnet Hathaway Kevin Marshall Seth Helgeson
Goaltenders
Starting : Tyler Beskorowany
Backup : Joe Cannata
Extra Forwards
Normal : Craig Cunningham, Teemu Pulkkinen, Rhett Rakhshani - PP : Craig Cunningham, Teemu Pulkkinen - PK : Rhett Rakhshani
Extra Defensemen
Normal : Robert Hagg, Patrick Sieloff, Jake McCabe - PP : Robert Hagg - PK : Patrick Sieloff, Jake McCabe
Penalty Shots
Garnet Hathaway, Mason Raymond, Mark Stone, Alexander Wennberg, Aleksander Barkov
Scratches
Mikhail Grigorenko (Healthy), Tanner Richard (Healthy), Juraj Mikus (Healthy), Myles Bell (Healthy), Dylan Labbe (Healthy)
Nick Paul (Healthy), Mattias Janmark (Healthy), Duncan Siemens (Healthy), Calle Andersson (Healthy), Julius Honka (Healthy)
Clark Bishop (Healthy), Nikita Scherbak (Healthy), JJ. Piccinich (Healthy), Michael Giugovaz (Healthy)
% Time on Ice - Rafales
Lines # - Real PCT - Wanted PCT - Time Play
Normal Forward
1 - 32% - 40% - 15:36
2 - 29% - 30% - 14:18
3 - 23% - 20% - 11:24
4 - 17% - 10% - 8:11
Normal Defense
1 - 32% - 40% - 15:38
2 - 35% - 30% - 17:29
3 - 23% - 20% - 11:17
4 - 10% - 10% - 5:05
PP Forward
1 - 56% - 60% - 3:20
2 - 44% - 40% - 2:37
PP Defense
1 - 57% - 60% - 3:24
2 - 43% - 40% - 2:33
PK Forward
1 - 100% - 60% - 4:34
2 - 0% - 40% - 0:00
PK Defense
1 - 76% - 60% - 3:27
2 - 24% - 40% - 1:07
PK3 Forward
1 - 0% - 60%
2 - 0% - 40%
PK3 Defense
1 - 0% - 60%
2 - 0% - 40%
44 Forward
1 - 0% - 60%
2 - 0% - 40%
44 Defense
1 - 0% - 60%
2 - 0% - 40%
Last Minute Offensive - 0:00
Last Minute Defensive - 0:00
Total
Forward - 60:00
Defense - 60:00
|
% Time on Ice - Saguenéens
Lines # - Real PCT - Wanted PCT - Time Play
Normal Forward
1 - 32% - 40% - 15:50
2 - 28% - 30% - 13:40
3 - 22% - 20% - 10:59
4 - 18% - 10% - 9:00
Normal Defense
1 - 38% - 40% - 18:56
2 - 35% - 30% - 17:06
3 - 22% - 20% - 10:52
4 - 5% - 10% - 2:35
PP Forward
1 - 65% - 60% - 2:57
2 - 35% - 40% - 1:37
PP Defense
1 - 74% - 60% - 3:24
2 - 26% - 40% - 1:10
PK Forward
1 - 72% - 60% - 4:18
2 - 28% - 40% - 1:39
PK Defense
1 - 67% - 60% - 3:59
2 - 33% - 40% - 1:58
PK3 Forward
1 - 0% - 60%
2 - 0% - 40%
PK3 Defense
1 - 0% - 60%
2 - 0% - 40%
44 Forward
1 - 0% - 60%
2 - 0% - 40%
44 Defense
1 - 0% - 60%
2 - 0% - 40%
Last Minute Offensive - 0:00
Last Minute Defensive - 0:00
Total
Forward - 60:00
Defense - 60:00
|
Play-by-Play
1st period
0:01 of 1st period - Alexander Wennberg wins face-off versus Nathan Davis in neutral zone.
0:58 of 1st period - Wrist shot by Rhett Rakhshani.
0:58 of 1st period - Stopped by Jake Allen with a rebound.
1:36 of 1st period - Snap shot by Andrew Shaw.
1:36 of 1st period - Shot Hit the Post.
1:38 of 1st period - Slapshot by Slater Koekkoek.
1:38 of 1st period - Stopped by Tyler Beskorowany without a rebound.
1:39 of 1st period - Nathan Davis wins face-off versus Aleksander Barkov in Saguenéens zone.
2:06 of 1st period - Snap shot by Mark Stone.
2:06 of 1st period - Deflect By Aleksander Barkov.
2:06 of 1st period - Shot Misses the Net.
2:06 of 1st period - Puck is out of play.
2:07 of 1st period - Alexander Wennberg wins face-off versus Chris Terry in Rafales zone.
2:32 of 1st period - Jake McCabe is hit by Maksim Mayorov and loses puck.
2:57 of 1st period - Snap shot by Nathan Davis.
2:57 of 1st period - Stopped by Tyler Beskorowany without a rebound.
2:58 of 1st period - Alexander Wennberg wins face-off versus Nathan Davis in Saguenéens zone.
3:17 of 1st period - Carl Klingberg is hit by Mason Raymond and loses puck.
4:08 of 1st period - Borna Rendulic is hit by Adam Erne and loses puck.
4:23 of 1st period - Seth Helgeson is hit by Ben Thomson and loses puck.
4:36 of 1st period - Snap shot by Ben Thomson.
4:36 of 1st period - Stopped by Tyler Beskorowany without a rebound.
4:37 of 1st period - Alexander Wennberg wins face-off versus Kevin Veilleux in Saguenéens zone.
4:46 of 1st period - Snap shot by Garnet Hathaway.
4:46 of 1st period - Stopped by Jake Allen with a rebound.
4:48 of 1st period - Snap shot by Kevin Marshall.
4:48 of 1st period - Shot Misses the Net.
4:50 of 1st period - Snap shot by Mason Raymond.
4:50 of 1st period - Stopped by Jake Allen without a rebound.
4:51 of 1st period - Alexander Wennberg wins face-off versus Nathan Davis in Rafales zone.
5:06 of 1st period - Snap shot by Carl Klingberg.
5:06 of 1st period - Shot Blocked by Kevin Marshall.
5:22 of 1st period - Julian Melchiori is hit by Mark Stone and loses puck.
5:29 of 1st period - Kevin Marshall is hit by Julian Melchiori and loses puck.
5:40 of 1st period - Snap shot by Mark Stone.
5:40 of 1st period - Stopped by Jake Allen with a rebound.
6:22 of 1st period - Wrist shot by Carl Klingberg.
6:22 of 1st period - Shot Misses the Net.
6:24 of 1st period - Minor Penalty to Garnet Hathaway for Interference.
6:25 of 1st period - Rhett Rakhshani wins face-off versus Carl Klingberg in Saguenéens zone.
7:21 of 1st period - Bruno Gervais is hit by Alexander Wennberg and loses puck.
8:23 of 1st period - Rhett Rakhshani is hit by Andrew Shaw and loses puck.
8:24 of 1st period - Penalty to Garnet Hathaway is over, Garnet Hathaway is back on ice.
8:36 of 1st period - Snap shot by Garnet Hathaway.
8:36 of 1st period - Stopped by Jake Allen with a rebound.
9:18 of 1st period - Kevin Veilleux is hit by Mason Raymond and loses puck.
9:25 of 1st period - Wrist shot by Garnet Hathaway.
9:25 of 1st period - Shot Blocked by Joey Laleggia.
9:37 of 1st period - Tim Crowder is hit by Craig Cunningham and loses puck.
9:56 of 1st period - Snap shot by Aleksander Barkov.
9:56 of 1st period - Shot Misses the Net.
9:58 of 1st period - Slapshot by Mark Stone.
9:58 of 1st period - Stopped by Jake Allen with a rebound.
10:08 of 1st period - Ben Thomson is hit by Patrick Sieloff and loses puck.
10:23 of 1st period - Nick Mattson is hit by Carl Klingberg and loses puck.
10:48 of 1st period - Henrik Samuelsson is hit by Connor Murphy and loses puck.
11:56 of 1st period - Wrist shot by Teemu Pulkkinen.
11:56 of 1st period - Goal by Teemu Pulkkinen - Rafales : 0 - Saguenéens : 1.
11:57 of 1st period - Carl Klingberg wins face-off versus Alexander Wennberg in neutral zone.
12:13 of 1st period - Icing by Mason Raymond.
12:14 of 1st period - Kevin Veilleux wins face-off versus Alexander Wennberg in Saguenéens zone.
12:17 of 1st period - Wrist shot by Brian Ferlin.
12:17 of 1st period - Stopped by Tyler Beskorowany with a rebound.
12:27 of 1st period - Wrist shot by Garnet Hathaway.
12:27 of 1st period - Stopped by Jake Allen without a rebound.
12:28 of 1st period - Aleksander Barkov wins face-off versus Nathan Davis in Rafales zone.
12:29 of 1st period - Wrist shot by Mark Stone.
12:29 of 1st period - Shot Misses the Net.
12:31 of 1st period - Snap shot by Aleksander Barkov.
12:31 of 1st period - Stopped by Jake Allen without a rebound.
12:32 of 1st period - Aleksander Barkov wins face-off versus Nathan Davis in Rafales zone.
13:04 of 1st period - Backhand shot by Mason Raymond.
13:04 of 1st period - Stopped by Jake Allen with a rebound.
13:17 of 1st period - Icing by Garnet Hathaway.
13:18 of 1st period - Tim Crowder wins face-off versus Craig Cunningham in Saguenéens zone.
13:21 of 1st period - Wrist shot by Tim Crowder.
13:21 of 1st period - Stopped by Tyler Beskorowany without a rebound.
13:22 of 1st period - Craig Cunningham wins face-off versus Jayson Megna in Saguenéens zone.
13:22 of 1st period - Craig Cunningham is hit by Julian Melchiori.
13:40 of 1st period - Minor Penalty to Henrik Samuelsson for Interference.
13:41 of 1st period - Nathan Davis wins face-off versus Garnet Hathaway in Saguenéens zone.
14:07 of 1st period - Kevin Marshall is hit by Brian Ferlin.
15:40 of 1st period - Penalty to Henrik Samuelsson is over, Henrik Samuelsson is back on ice.
15:51 of 1st period - Slapshot by Kevin Marshall.
15:51 of 1st period - Stopped by Jake Allen without a rebound.
15:52 of 1st period - Teemu Pulkkinen wins face-off versus Jayson Megna in Rafales zone.
15:53 of 1st period - Wrist shot by Mike Amadio.
15:53 of 1st period - Stopped by Jake Allen with a rebound.
16:30 of 1st period - Wrist shot by Teemu Pulkkinen.
16:30 of 1st period - Shot Misses the Net.
16:36 of 1st period - Mike Amadio is hit by Borna Rendulic and loses puck.
16:51 of 1st period - Wrist shot by Chris Terry.
16:51 of 1st period - Stopped by Tyler Beskorowany with a rebound.
17:29 of 1st period - Snap shot by Tim Crowder.
17:29 of 1st period - Goal by Tim Crowder - Rafales : 1 - Saguenéens : 1.
17:30 of 1st period - Nathan Davis wins face-off versus Alexander Wennberg in neutral zone.
17:56 of 1st period - Mark Stone is hit by Kevin Veilleux and loses puck.
18:05 of 1st period - Kevin Marshall is hit by Brian Ferlin and loses puck.
19:14 of 1st period - Mike Amadio is hit by Connor Murphy and loses puck.
Goals for this period are 1 for Rafales vs 1 for Saguenéens.
Shots for this period are 7 for Rafales vs 12 for Saguenéens.
2nd period
0:01 of 2nd period - Alexander Wennberg wins face-off versus Nathan Davis in neutral zone.
0:38 of 2nd period - Carl Klingberg is hit by Craig Cunningham and loses puck.
1:15 of 2nd period - Slapshot by Andrew Shaw.
1:15 of 2nd period - Deflect By Nathan Davis.
1:15 of 2nd period - Shot Misses the Net.
1:15 of 2nd period - Puck is out of play.
1:16 of 2nd period - Mike Amadio wins face-off versus Kevin Veilleux in Saguenéens zone.
1:27 of 2nd period - Snap shot by Teemu Pulkkinen.
1:27 of 2nd period - Stopped by Jake Allen with a rebound.
1:41 of 2nd period - Connor Murphy is hit by Alexander Wennberg and loses puck.
1:52 of 2nd period - Snap shot by Garnet Hathaway.
1:52 of 2nd period - Stopped by Jake Allen with a rebound.
2:10 of 2nd period - Snap shot by Aleksander Barkov.
2:10 of 2nd period - Shot Misses the Net.
2:12 of 2nd period - Slapshot by Aleksander Barkov.
2:12 of 2nd period - Goal by Aleksander Barkov - Rafales : 1 - Saguenéens : 2.
2:13 of 2nd period - Kevin Veilleux wins face-off versus Alexander Wennberg in neutral zone.
2:38 of 2nd period - Chris Terry is hit by Craig Cunningham and loses puck.
2:51 of 2nd period - Snap shot by Rhett Rakhshani.
2:51 of 2nd period - Shot Blocked by Connor Murphy.
3:05 of 2nd period - Wrist shot by Andrew Shaw.
3:05 of 2nd period - Shot Misses the Net.
3:07 of 2nd period - Snap shot by Carl Klingberg.
3:07 of 2nd period - Stopped by Tyler Beskorowany with a rebound.
3:09 of 2nd period - Slapshot by Andrew Shaw.
3:09 of 2nd period - Stopped by Tyler Beskorowany with a rebound.
3:11 of 2nd period - Slapshot by Connor Murphy.
3:11 of 2nd period - Stopped by Tyler Beskorowany with a rebound.
3:25 of 2nd period - Wrist shot by Joe Labate.
3:25 of 2nd period - Stopped by Tyler Beskorowany without a rebound.
3:26 of 2nd period - Alexander Wennberg wins face-off versus Joe Labate in Saguenéens zone.
3:40 of 2nd period - Bruno Gervais is hit by Kevin Marshall and loses puck.
3:53 of 2nd period - Slapshot by Andrew Shaw.
3:53 of 2nd period - Shot Misses the Net.
3:55 of 2nd period - Slapshot by Carl Klingberg.
3:55 of 2nd period - Shot Misses the Net.
4:01 of 2nd period - Snap shot by Nathan Davis.
4:01 of 2nd period - Deflect By Andrew Shaw.
4:01 of 2nd period - Shot Misses the Net.
4:01 of 2nd period - Puck is out of play.
4:02 of 2nd period - Alexander Wennberg wins face-off versus Kevin Veilleux in Saguenéens zone.
4:27 of 2nd period - Nathan Davis is hit by Carl Hagelin and loses puck.
4:32 of 2nd period - Snap shot by Aleksander Barkov.
4:32 of 2nd period - Goal by Aleksander Barkov - Rafales : 1 - Saguenéens : 3.
4:33 of 2nd period - Nathan Davis wins face-off versus Alexander Wennberg in neutral zone.
4:38 of 2nd period - Slapshot by Connor Murphy.
4:38 of 2nd period - Shot Blocked by Mason Raymond.
4:44 of 2nd period - Slapshot by Kevin Marshall.
4:44 of 2nd period - Deflect By Alexander Wennberg.
4:44 of 2nd period - Stopped by Jake Allen with a rebound.
4:46 of 2nd period - Slapshot by Kevin Marshall.
4:46 of 2nd period - Shot Misses the Net.
4:48 of 2nd period - Slapshot by Jake McCabe.
4:48 of 2nd period - Stopped by Jake Allen without a rebound.
4:49 of 2nd period - Kevin Veilleux wins face-off versus Aleksander Barkov in Rafales zone.
4:57 of 2nd period - Off-side.
4:58 of 2nd period - Kevin Veilleux wins face-off versus Aleksander Barkov in neutral zone.
5:19 of 2nd period - Wrist shot by Aleksander Barkov.
5:19 of 2nd period - Goal by Aleksander Barkov - Rafales : 1 - Saguenéens : 4.
5:19 of 2nd period - Leland Irving enters game.
5:20 of 2nd period - Nathan Davis wins face-off versus Alexander Wennberg in neutral zone.
5:23 of 2nd period - Mason Raymond is hit by Bruno Gervais and loses puck.
6:01 of 2nd period - Nick Mattson is hit by Bruno Gervais.
6:02 of 2nd period - Icing by Nick Mattson.
6:03 of 2nd period - Aleksander Barkov wins face-off versus Jayson Megna in Saguenéens zone.
6:12 of 2nd period - Slapshot by Nick Mattson.
6:12 of 2nd period - Shot Misses the Net.
6:18 of 2nd period - Wrist shot by Tim Crowder.
6:18 of 2nd period - Shot Misses the Net.
7:09 of 2nd period - Adam Erne is hit by Joe Labate.
7:13 of 2nd period - Slater Koekkoek is hit by Mike Amadio and loses puck.
7:28 of 2nd period - Maksim Mayorov is hit by Garnet Hathaway and loses puck.
8:07 of 2nd period - Nathan Davis is hit by Henrik Samuelsson and loses puck.
9:10 of 2nd period - Slapshot by Connor Murphy.
9:10 of 2nd period - Deflect By Ben Thomson.
9:10 of 2nd period - Shot Misses the Net.
9:10 of 2nd period - Puck is out of play.
9:11 of 2nd period - Alexander Wennberg wins face-off versus Kevin Veilleux in Saguenéens zone.
9:20 of 2nd period - Wrist shot by Alexander Wennberg.
9:20 of 2nd period - Stopped by Leland Irving with a rebound.
9:22 of 2nd period - Slapshot by Garnet Hathaway.
9:22 of 2nd period - Stopped by Leland Irving without a rebound.
9:23 of 2nd period - Nathan Davis wins face-off versus Alexander Wennberg in Rafales zone.
9:25 of 2nd period - Minor Penalty to Andrew Shaw for Goalie Interference.
9:26 of 2nd period - Carl Klingberg wins face-off versus Alexander Wennberg in Rafales zone.
9:39 of 2nd period - Off-side.
9:40 of 2nd period - Carl Klingberg wins face-off versus Mason Raymond in neutral zone.
10:02 of 2nd period - Icing by Alexander Wennberg.
10:03 of 2nd period - Carl Klingberg wins face-off versus Alexander Wennberg in Saguenéens zone.
11:25 of 2nd period - Penalty to Andrew Shaw is over, Andrew Shaw is back on ice.
12:02 of 2nd period - Snap shot by Tim Crowder.
12:02 of 2nd period - Shot Misses the Net.
12:04 of 2nd period - Snap shot by Connor Murphy.
12:04 of 2nd period - Shot Blocked by Patrick Sieloff.
12:20 of 2nd period - Nathan Davis is hit by Rhett Rakhshani and loses puck.
12:46 of 2nd period - Borna Rendulic is hit by Carl Hagelin and loses puck.
13:03 of 2nd period - Snap shot by Brian Ferlin.
13:03 of 2nd period - Shot Misses the Net.
13:05 of 2nd period - Wrist shot by Chris Terry.
13:05 of 2nd period - Stopped by Tyler Beskorowany with a rebound.
13:49 of 2nd period - Wrist shot by Maksim Mayorov.
13:49 of 2nd period - Shot Misses the Net.
13:51 of 2nd period - Wrist shot by Maksim Mayorov.
13:51 of 2nd period - Shot Misses the Net.
13:53 of 2nd period - Snap shot by Tim Crowder.
13:53 of 2nd period - Shot Misses the Net.
13:55 of 2nd period - Slapshot by Slater Koekkoek.
13:55 of 2nd period - Deflect By Tim Crowder.
13:55 of 2nd period - Shot Misses the Net.
13:55 of 2nd period - Puck is out of play.
13:56 of 2nd period - Alexander Wennberg wins face-off versus Nathan Davis in Saguenéens zone.
14:50 of 2nd period - Rhett Rakhshani is hit by Joe Labate and loses puck.
15:47 of 2nd period - Wrist shot by Brian Ferlin.
15:47 of 2nd period - Deflect By Kevin Veilleux.
15:47 of 2nd period - Shot Misses the Net.
15:47 of 2nd period - Puck is out of play.
15:48 of 2nd period - Alexander Wennberg wins face-off versus Kevin Veilleux in Saguenéens zone.
16:32 of 2nd period - Nick Mattson is hit by Connor Murphy and loses puck.
16:57 of 2nd period - Wrist shot by Alexander Wennberg.
16:57 of 2nd period - Stopped by Leland Irving without a rebound.
16:58 of 2nd period - Alexander Wennberg wins face-off versus Joe Labate in Rafales zone.
17:07 of 2nd period - Slapshot by Alexander Wennberg.
17:07 of 2nd period - Shot Misses the Net.
17:09 of 2nd period - Slapshot by Jake McCabe.
17:09 of 2nd period - Shot Misses the Net.
17:11 of 2nd period - Wrist shot by Alexander Wennberg.
17:11 of 2nd period - Shot Blocked by Julian Melchiori.
17:13 of 2nd period - Backhand shot by Garnet Hathaway.
17:13 of 2nd period - Shot Misses the Net.
17:30 of 2nd period - Kevin Marshall is hit by Carl Klingberg and loses puck.
17:47 of 2nd period - Wrist shot by Craig Cunningham.
17:47 of 2nd period - Shot Misses the Net.
17:49 of 2nd period - Wrist shot by Henrik Samuelsson.
17:49 of 2nd period - Stopped by Leland Irving without a rebound.
17:50 of 2nd period - Andrew Shaw wins face-off versus Henrik Samuelsson in Rafales zone.
18:02 of 2nd period - Minor Penalty to Seth Helgeson for Hooking.
18:03 of 2nd period - Nathan Davis wins face-off versus Garnet Hathaway in Saguenéens zone.
18:11 of 2nd period - Wrist shot by Carl Klingberg.
18:11 of 2nd period - Stopped by Tyler Beskorowany with a rebound.
18:19 of 2nd period - Wrist shot by Andrew Shaw.
18:19 of 2nd period - Stopped by Tyler Beskorowany with a rebound.
19:44 of 2nd period - Nick Mattson is hit by Connor Murphy and loses puck.
19:57 of 2nd period - Kevin Veilleux is hit by Nick Mattson and loses puck.
Goals for this period are 0 for Rafales vs 3 for Saguenéens.
Shots for this period are 7 for Rafales vs 11 for Saguenéens.
3rd period
0:01 of 3rd period - Garnet Hathaway wins face-off versus Nathan Davis in neutral zone.
0:02 of 3rd period - Penalty to Seth Helgeson is over, Seth Helgeson is back on ice.
0:10 of 3rd period - Slapshot by Garnet Hathaway.
0:10 of 3rd period - Shot Blocked by Connor Murphy.
0:26 of 3rd period - Aleksander Barkov is hit by Brian Ferlin and loses puck.
0:37 of 3rd period - Snap shot by Carl Hagelin.
0:37 of 3rd period - Stopped by Leland Irving with a rebound.
0:49 of 3rd period - Connor Murphy is hit by Craig Cunningham.
1:41 of 3rd period - Snap shot by Teemu Pulkkinen.
1:41 of 3rd period - Goal by Teemu Pulkkinen - Rafales : 1 - Saguenéens : 5.
1:42 of 3rd period - Nathan Davis wins face-off versus Alexander Wennberg in neutral zone.
1:45 of 3rd period - Garnet Hathaway is hit by Nathan Davis and loses puck.
2:12 of 3rd period - Wrist shot by Brian Ferlin.
2:12 of 3rd period - Shot Misses the Net.
3:14 of 3rd period - Minor Penalty to Carl Klingberg for Holding Stick.
3:15 of 3rd period - Alexander Wennberg wins face-off versus Akim Aliu in Rafales zone.
3:19 of 3rd period - Wrist shot by Garnet Hathaway.
3:19 of 3rd period - Stopped by Leland Irving without a rebound.
3:20 of 3rd period - Akim Aliu wins face-off versus Alexander Wennberg in Rafales zone.
3:35 of 3rd period - Snap shot by Mason Raymond.
3:35 of 3rd period - Stopped by Leland Irving without a rebound.
3:36 of 3rd period - Akim Aliu wins face-off versus Alexander Wennberg in Rafales zone.
3:47 of 3rd period - Slapshot by Jake McCabe.
3:47 of 3rd period - Deflect By Garnet Hathaway.
3:47 of 3rd period - Shot Misses the Net.
3:47 of 3rd period - Puck is out of play.
3:48 of 3rd period - Alexander Wennberg wins face-off versus Akim Aliu in Rafales zone.
3:59 of 3rd period - Bruno Gervais is hit by Jake McCabe and loses puck.
5:14 of 3rd period - Penalty to Carl Klingberg is over, Carl Klingberg is back on ice.
5:20 of 3rd period - Wrist shot by Brian Ferlin.
5:20 of 3rd period - Shot Misses the Net.
5:30 of 3rd period - Kevin Veilleux is hit by Craig Cunningham and loses puck.
6:04 of 3rd period - Borna Rendulic is hit by Patrick Sieloff and loses puck.
6:30 of 3rd period - Seth Helgeson is hit by Nathan Davis and loses puck.
6:47 of 3rd period - Aleksander Barkov is hit by Chris Terry and loses puck.
6:56 of 3rd period - Backhand shot by Nick Mattson.
6:56 of 3rd period - Deflect By Julian Melchiori.
6:56 of 3rd period - Stopped by Leland Irving without a rebound.
6:57 of 3rd period - Nathan Davis wins face-off versus Alexander Wennberg in Rafales zone.
7:24 of 3rd period - Joey Laleggia is hit by Carl Hagelin and loses puck.
7:31 of 3rd period - Brian Ferlin is hit by Mark Stone and loses puck.
7:49 of 3rd period - Snap shot by Seth Helgeson.
7:49 of 3rd period - Goal by Seth Helgeson - Rafales : 1 - Saguenéens : 6.
7:50 of 3rd period - Alexander Wennberg wins face-off versus Nathan Davis in neutral zone.
7:56 of 3rd period - Seth Helgeson is hit by Connor Murphy and loses puck.
8:03 of 3rd period - Snap shot by Nathan Davis.
8:03 of 3rd period - Shot Misses the Net.
8:05 of 3rd period - Wrist shot by Nathan Davis.
8:05 of 3rd period - Shot Misses the Net.
9:03 of 3rd period - Wrist shot by Garnet Hathaway.
9:03 of 3rd period - Shot Blocked by Connor Murphy.
9:05 of 3rd period - Wrist shot by Kevin Marshall.
9:05 of 3rd period - Shot Misses the Net.
9:07 of 3rd period - Backhand shot by Mason Raymond.
9:07 of 3rd period - Shot Blocked by Nathan Davis.
11:22 of 3rd period - Mike Amadio is hit by Borna Rendulic and loses puck.
11:33 of 3rd period - Jayson Megna is hit by Jake McCabe and loses puck.
11:38 of 3rd period - Snap shot by Garnet Hathaway.
11:38 of 3rd period - Deflect By Mason Raymond.
11:38 of 3rd period - Shot Misses the Net.
11:38 of 3rd period - Puck is out of play.
11:39 of 3rd period - Nathan Davis wins face-off versus Alexander Wennberg in Rafales zone.
11:39 of 3rd period - Nathan Davis is hit by Seth Helgeson.
11:42 of 3rd period - Minor Penalty to Connor Murphy for Hooking.
11:43 of 3rd period - Carl Klingberg wins face-off versus Alexander Wennberg in Rafales zone.
12:09 of 3rd period - Bruno Gervais is hit by Carl Hagelin and loses puck.
12:16 of 3rd period - Wrist shot by Mark Stone.
12:16 of 3rd period - Shot Blocked by Bruno Gervais.
12:18 of 3rd period - Snap shot by Carl Hagelin.
12:18 of 3rd period - Goal by Carl Hagelin - Rafales : 1 - Saguenéens : 7.
12:19 of 3rd period - Kevin Veilleux wins face-off versus Alexander Wennberg in neutral zone.
12:31 of 3rd period - Snap shot by Chris Terry.
12:31 of 3rd period - Stopped by Tyler Beskorowany with a rebound.
13:49 of 3rd period - Patrick Sieloff is hit by Kevin Veilleux.
14:07 of 3rd period - Slapshot by Andrew Shaw.
14:07 of 3rd period - Shot Misses the Net.
14:17 of 3rd period - Snap shot by Mark Stone.
14:17 of 3rd period - Shot Blocked by Joey Laleggia.
14:51 of 3rd period - Off-side.
14:52 of 3rd period - Alexander Wennberg wins face-off versus Kevin Veilleux in neutral zone.
14:55 of 3rd period - Brian Ferlin is hit by Alexander Wennberg and loses puck.
15:18 of 3rd period - Seth Helgeson is hit by Maksim Mayorov and loses puck.
15:23 of 3rd period - Snap shot by Tim Crowder.
15:23 of 3rd period - Stopped by Tyler Beskorowany with a rebound.
15:41 of 3rd period - Snap shot by Rhett Rakhshani.
15:41 of 3rd period - Shot Blocked by Ben Thomson.
15:43 of 3rd period - Wrist shot by Rhett Rakhshani.
15:43 of 3rd period - Stopped by Leland Irving with a rebound.
15:45 of 3rd period - Slapshot by Craig Cunningham.
15:45 of 3rd period - Deflect By Rhett Rakhshani.
15:45 of 3rd period - Shot Blocked by Bruno Gervais.
15:45 of 3rd period - Puck is out of play.
15:46 of 3rd period - Alexander Wennberg wins face-off versus Chris Terry in Rafales zone.
15:53 of 3rd period - Chris Terry is hit by Alexander Wennberg and loses puck.
16:14 of 3rd period - Snap shot by Carl Klingberg.
16:14 of 3rd period - Shot Misses the Net.
16:16 of 3rd period - Slapshot by Andrew Shaw.
16:16 of 3rd period - Stopped by Tyler Beskorowany with a rebound.
16:18 of 3rd period - Snap shot by Carl Klingberg.
16:18 of 3rd period - Stopped by Tyler Beskorowany with a rebound.
16:20 of 3rd period - Snap shot by Nathan Davis.
16:20 of 3rd period - Shot Misses the Net.
16:22 of 3rd period - Snap shot by Andrew Shaw.
16:22 of 3rd period - Stopped by Tyler Beskorowany with a rebound.
16:54 of 3rd period - Wrist shot by Borna Rendulic.
16:54 of 3rd period - Shot Misses the Net.
16:56 of 3rd period - Wrist shot by Joe Labate.
16:56 of 3rd period - Shot Hit the Post.
17:00 of 3rd period - Snap shot by Ben Thomson.
17:00 of 3rd period - Stopped by Tyler Beskorowany without a rebound.
17:01 of 3rd period - Andrew Shaw wins face-off versus Alexander Wennberg in Saguenéens zone.
17:11 of 3rd period - Off-side.
17:12 of 3rd period - Alexander Wennberg wins face-off versus Nathan Davis in neutral zone.
17:27 of 3rd period - Wrist shot by Mason Raymond.
17:27 of 3rd period - Shot Misses the Net.
17:44 of 3rd period - Wrist shot by Brian Ferlin.
17:44 of 3rd period - Shot Misses the Net.
17:46 of 3rd period - Backhand shot by Connor Murphy.
17:46 of 3rd period - Deflect By Chris Terry.
17:46 of 3rd period - Shot Misses the Net.
17:46 of 3rd period - Puck is out of play.
17:47 of 3rd period - Alexander Wennberg wins face-off versus Andrew Shaw in Saguenéens zone.
18:02 of 3rd period - Carl Klingberg is hit by Garnet Hathaway and loses puck.
18:39 of 3rd period - Snap shot by Joe Labate.
18:39 of 3rd period - Stopped by Tyler Beskorowany with a rebound.
18:58 of 3rd period - Icing by Bruno Gervais.
18:59 of 3rd period - Adam Erne wins face-off versus Jayson Megna in Rafales zone.
19:02 of 3rd period - Snap shot by Teemu Pulkkinen.
19:02 of 3rd period - Stopped by Leland Irving with a rebound.
19:24 of 3rd period - Mason Raymond is hit by Julian Melchiori and loses puck.
19:43 of 3rd period - Snap shot by Seth Helgeson.
19:43 of 3rd period - Shot Blocked by Chris Terry.
Goals for this period are 0 for Rafales vs 3 for Saguenéens.
Shots for this period are 7 for Rafales vs 9 for Saguenéens.
Back to the Top